 Dungeon Crawl Stone Soup version 0.19-a0-1238-gee6bd96 (webtiles) character file.

8253 Amnesiac the Grappler (level 11, -8/113 HPs)
             Began as a Troll Monk on Aug 26, 2016.
             Was a High Priest of Okawaru.
             Mangled by a blink frog (11 damage)
             ... on level 1 of the Lair of Beasts.
             The game lasted 00:14:25 (8842 turns).

Amnesiac the Grappler (Troll Monk)                  Turns: 8842, Time: 00:14:26

Health: -8/113     AC: 10    Str: 21    XL:     11   Next: 7%
Magic:  11/11      EV: 11    Int:  6    God:    Okawaru [*****.]
Gold:   885        SH:  2    Dex: 15    Spells: 0 memorised, 10 levels left

rFire  . . .     SeeInvis .       - Unarmed
rCold  . . .     Gourm    +     L - +0 robe {rN+}
rNeg   + . .     Faith    .     (no shield)
rPois  .         Spirit   .     (helmet restricted)
rElec  .         Dismiss  .     k - +0 cloak
rCorr  .         Reflect  +     (gloves unavailable)
MR     +....     Harm     .     (boots unavailable)
Stlth  ++........               P - +2 amulet of reflection
                                h - ring of protection from magic
                                H - +4 ring of protection

@: no status effects
A: unfitting armour, claws 3, fast metabolism 3, gourmand, high mp 1,
regeneration 1, shaggy fur 1, tough skin 2
a: Heroism, Finesse, Renounce Religion


You were on level 1 of the Lair of Beasts.
You worshipped Okawaru.
Okawaru was extremely pleased with you.
You were completely stuffed.

You visited 3 branches of the dungeon, and saw 11 of its levels.
You also visited: Sewer and Ossuary.

You collected 885 gold pieces.

Inventory:

Hand Weapons
 a - a +0 blowgun
Missiles
 e - a throwing net (quivered)
 o - 7 curare-tipped needles
Armour
 k - a +0 cloak (worn)
 L - a +0 robe of positive energy (worn)
Jewellery
 h - a ring of protection from magic (right claw)
 E - an uncursed amulet of magic regeneration
 H - a +4 ring of protection (left claw)
 P - a +2 amulet of reflection (around neck)
Wands
 u - a wand of lightning (7/15)
 M - a wand of iceblast (12/15)
Scrolls
 d - 6 scrolls of remove curse
 f - 4 scrolls of enchant weapon {unknown}
 g - 2 scrolls of random uselessness {unknown}
 l - 5 scrolls of amnesia {unknown}
 m - 5 scrolls of fear {unknown}
 p - 2 scrolls of magic mapping {unknown}
 q - 3 scrolls of teleportation {unknown}
 s - 2 scrolls of enchant armour {unknown}
 v - 3 scrolls of immolation {unknown}
 w - 4 scrolls of recharging {unknown}
 x - 4 scrolls of identify {unknown}
 y - 3 scrolls of noise {unknown}
 z - 2 scrolls of fog {unknown}
 Q - a scroll of summoning {unknown}
Potions
 c - 2 potions of might
 j - 2 potions of magic
 n - 7 potions of flight
 r - 2 potions of berserk rage {unknown}
 t - a potion of heal wounds {unknown}
 A - a potion of cancellation
 C - 2 potions of degeneration {unknown}
 F - a potion of brilliance
 I - a potion of lignification {unknown}
 J - a potion of haste {unknown}
 K - a potion of invisibility
 O - a potion of curing
Comestibles
 b - 10 bread rations
 i - 5 meat rations
 D - 7 fruits
 G - 5 beef jerkies
 N - 7 royal jellies


   Skills:
 + Level 8.7 Fighting
 - Level 2.4 Dodging
 - Level 1.1 Stealth
 * Level 13.8 Unarmed Combat


You had 10 spell levels left.
You didn't know any spells.

Dungeon Overview and Level Annotations

Branches:
Dungeon (9/15)             Temple (1/1) D:7            Lair (1/6) D:9
    Orc: D:9-12

Altars:
Ashenzari
Cheibriados
Dithmenos
Elyvilon
Fedhas
Gozag
Hepliaklqana
Kikubaaqudgha
Makhleb
Nemelex Xobeh
Okawaru
Qazlal
Ru
Sif Muna
Trog
Uskayaw
Vehumet
Xom
Yredelemnul
Zin
The Shining One


Innate Abilities, Weirdness & Mutations

You are too large for most types of armour.
You have claws for hands.
Your metabolism is lightning-fast.
You like to eat raw meat.
Your natural rate of healing is unusually fast.
You are covered in fur. (AC +1)
You have very tough skin. (AC +2)
You have an increased reservoir of magic. (+10% MP)


Message History

The komodo dragon is heavily wounded.
The wolf bites you. The komodo dragon closely misses you.
The wolf barely misses you.
The blink frog blinks! x2
You closely miss the komodo dragon.
The komodo dragon is heavily wounded.
The wolf howls!
The wolf barely misses you. The komodo dragon bites you!!
The blink frog hits you but does no damage.
A wolf comes into view.
Unknown command.
The blink frog blinks!
The wolf bites you!
The blink frog blinks!
The komodo dragon bites you!! The blink frog hits you!!
* * * LOW HITPOINT WARNING * * *
The blink frog hits you!
* * * LOW HITPOINT WARNING * * *
The blink frog blinks!
The wolf bites you!
* * * LOW HITPOINT WARNING * * *
The blink frog hits you!
You die...

.#######. .........
....⌠.... ..##.
........# ..#..
#.⌠...⌠§# .. ......
#.......## ### .##
#.....
....⌠..h.##§.##.#≈
#.....
.....h.†lh@#....#≈
#.....
..##..#[h.F#.....≈
#..... #. #.........≈#
.#... # ###.⌠.+.#..
...#.. #...# ## .
........ ##.###P#..
........
#####.................
#.........#...........
#...............).....


You could see a komodo dragon, a blink frog and 4 wolves.

Vanquished Creatures
  Pikel (D:3)
  An ugly thing (D:9)
  Joseph (D:8)
  A gargoyle (D:8)
  A queen bee (D:9)
  Prince Ribbit (D:5)
  A blink frog (Lair:1)
  2 wyverns (D:9)
  Eustachio (D:4)
  10 yaks (Lair:1)
  4 orc warriors (D:9)
  A porcupine (Lair:1)
  4 slaves
  Purgy (Sewer)
  4 ogres
  A centaur (D:8)
  A phantom (D:5)
  A crocodile (Lair:1)
  A big kobold (D:8)
  3 giant frogs
  A wyvern zombie (D:9)
  4 scorpions
  24 killer bees
  3 wights (D:9)
  5 howler monkeys
  2 crimson imps
  5 hounds
  A centaur skeleton (D:8)
  A centaur zombie (D:8)
  2 giant frog skeletons
  3 jellies
  2 orc priests (D:9)
  4 iguanas
  2 orc wizards
  6 worker ants
  A killer bee zombie (D:7)
  8 sheep (Lair:1)
  A hound skeleton (D:6)
  4 mummies
  4 gnolls (D:2)
  8 adders
  2 river rats (D:4)
  An ooze (D:2)
  An adder skeleton (D:4)
  5 worms
  4 dart slugs
  7 giant geckos
  22 orcs
  6 ball pythons
  10 bats
  7 giant cockroaches
  7 goblins
  3 hobgoblins
  20 jackals
  2 quokkas (D:4)
  12 giant newts
  6 gnoll zombies (Ossuary)
  3 goblin zombies (Ossuary)
  3 hobgoblin zombies (Ossuary)
  15 kobolds
  A kobold zombie (D:6)
  3 orc zombies
  7 rats
  A fungus (D:9)
  A plant (D:9)
281 creatures vanquished.

Notes
Turn   | Place    | Note
-------+----------+-------------------------------------------
     0 | D:1      | Amnesiac the Troll Monk began the quest for the Orb.
     0 | D:1      | Reached XP level 1. HP: 22/22 MP: 0/0
    64 | D:1      | Reached XP level 2. HP: 29/29 MP: 1/1
   303 | D:1      | Reached XP level 3. HP: 34/36 MP: 2/2
   433 | D:3      | Reached skill level 4 in Unarmed Combat
   505 | D:4      | Noticed an ogre
   515 | D:4      | Killed an ogre
   515 | D:4      | Reached XP level 4. HP: 45/45 MP: 3/3
   736 | D:4      | Noticed an ogre
   746 | D:4      | Killed an ogre
   746 | D:4      | Reached skill level 5 in Unarmed Combat
   746 | D:4      | Reached XP level 5. HP: 22/53 MP: 4/4
   762 | D:4      | Found a glowing drain.
   830 | Sewer    | Entered a sewer
   878 | Sewer    | Noticed Purgy
   898 | Sewer    | Killed Purgy
   898 | Sewer    | Reached skill level 6 in Unarmed Combat
   898 | Sewer    | Reached XP level 6. HP: 50/62 MP: 5/5
  1120 | D:4      | Noticed a slave
  1124 | D:4      | Noticed a slave
  1130 | D:4      | Noticed a slave
  1145 | D:3      | Killed a slave
  1149 | D:3      | Killed a slave
  1197 | D:4      | Killed a slave
  1215 | D:4      | Noticed Pikel
  1220 | D:4      | Noticed a slave
  1326 | D:3      | HP: 1/62 [Pikel/whip of electrocution (14)]
  1350 | D:3      | Killed Pikel
  1350 | D:3      | Reached skill level 7 in Unarmed Combat
  1350 | D:3      | Reached XP level 7. HP: 17/71 MP: 6/6
  1497 | D:4      | Noticed Eustachio
  1517 | D:4      | Killed Eustachio
  1577 | D:4      | Reached skill level 5 in Fighting
  1644 | D:4      | Reached skill level 8 in Unarmed Combat
  2252 | D:5      | Entered Level 5 of the Dungeon
  2300 | D:5      | Reached XP level 8. HP: 74/80 MP: 7/7
  2338 | D:5      | Found a sparkling altar of Nemelex Xobeh.
  2417 | D:5      | Noticed Prince Ribbit
  2462 | D:5      | Killed Prince Ribbit
  2659 | D:5      | Found a bloodstained altar of Trog.
  3142 | D:6      | Found a sand-covered staircase.
  3221 | D:6      | Reached skill level 9 in Unarmed Combat
  3734 | Ossuary  | Entered an ossuary
  4178 | D:7      | Reached skill level 10 in Unarmed Combat
  4218 | D:7      | Found a staircase to the Ecumenical Temple.
  4351 | Temple   | Entered the Ecumenical Temple
  4395 | Temple   | Became a worshipper of Warmaster Okawaru
  4395 | Temple   | Reached * piety under Okawaru
  4395 | Temple   | Reached ** piety under Okawaru
  4786 | D:7      | Reached XP level 9. HP: 89/89 MP: 8/8
  5015 | D:2      | Found an ancient bone altar of Kikubaaqudgha.
  5874 | D:2      | Found a burning altar of Makhleb.
  6410 | D:3      | Found a bloodstained altar of Trog.
  6887 | D:8      | Noticed Joseph
  6905 | D:8      | Killed Joseph
  6918 | D:8      | Noticed a gargoyle
  6925 | D:8      | Killed a gargoyle
  6925 | D:8      | Reached *** piety under Okawaru
  6925 | D:8      | Reached skill level 11 in Unarmed Combat
  7502 | D:9      | Found a glowing silver altar of Zin.
  7506 | D:9      | Noticed a purple ugly thing
  7525 | D:9      | Killed a purple ugly thing
  7525 | D:9      | Reached **** piety under Okawaru
  7525 | D:9      | Reached skill level 12 in Unarmed Combat
  7525 | D:9      | Reached XP level 10. HP: 102/102 MP: 9/9
  7637 | D:9      | Gained mutation: You have an increased reservoir of magic. (+10% MP) [mutagenic meat]
  7747 | D:9      | Found a staircase to the Lair.
  7751 | D:9      | Reached ***** piety under Okawaru
  8067 | D:9      | Reached skill level 13 in Unarmed Combat
  8386 | D:9      | Found a snail-covered altar of Cheibriados.
  8492 | Lair:1   | Entered Level 1 of the Lair of Beasts
  8537 | Lair:1   | Received a gift from Okawaru
  8593 | Lair:1   | Reached XP level 11. HP: 48/113 MP: 11/11
  8842 | Lair:1   | HP: 3/113 [wolf (9)]
  8842 | Lair:1   | Mangled by a blink frog

Vault maps used:
D:1:      dpeg_arrival_brainrot, minmay_domino_4
D:2:      old_standard_altar, minmay_fountain_box, makhleb_heckhound_becter
D:3:      lemuel_doored_altar, first_bread
D:4:      portal_sewer_entry_a, uniq_eustachio, uniq_pikel
D:5:      kennysheep_little_box, basic_altar, uniq_prince_ribbit1
D:6:      nicolae_ossuary_entry_giza
D:8:      uniq_joseph
D:9:      slow_altar_2, nicolae_overflow_crystal_walls, dpeg_oklobed_lair,
          david_nohive_1
Temple:   compressed_dpeg_circular_temple
Lair:1:   serial_bayou_pond_e, grunt_megastairs_4, uniq_grum
Sewer:    sewer_co_purgy_island
Ossuary:  minmay_ossuary_gauntlet

Skill      XL: |  1  2  3  4  5  6  7  8  9 10 |
---------------+-------------------------------+-----
Unarmed Combat | 4 5 6 7 8 10 12 13 | 13.8
Fighting       | 3 4 5 6 7 8 |  8.7
Dodging        | |  2.4
Stealth        | |  1.1

Action                   |  1- 3 |  4- 6 |  7- 9 | 10-12 || total
-------------------------+-------+-------+-------+-------++-------
Melee: Unarmed           |    63 |   109 |   366 |   241 ||   779
       Punch             |     1 |     3 |    15 |    15 ||    34
Throw: Throwing net      |       |     6 |     1 |       ||     7
  Use: Potion            |       |     3 |     4 |       ||     7
       Scroll            |       |       |     1 |       ||     1
 Stab: Held in net/web   |       |     4 |       |       ||     4
       Sleeping          |       |     1 |    10 |       ||    11
       Distracted        |       |       |       |     1 ||     1
  Eat: Chunk             |       |    17 |    58 |    13 ||    88
Armor: Robe              |    25 |    32 |   102 |    64 ||   223
Dodge: Dodged            |    29 |    53 |   176 |   122 ||   380
Block: Other             |       |       |     1 |    14 ||    15
